 Dungeon Crawl Stone Soup version 0.22.1-1-ga44c0e5 (webtiles) character file.

1868 Fang the Cleaver (level 9, -2/56 HPs)
             Began as a Gargoyle Berserker on Oct 8, 2018.
             Was a Priest of Trog.
             Slain by an ice beast (9 damage)
             ... on level 7 of the Dungeon.
             The game lasted 00:08:58 (6878 turns).

Fang the Cleaver (Gargoyle Berserker)               Turns: 6878, Time: 00:08:58

Health: -2/56      AC: 19    Str: 24    XL:     9   Next: 13%
Magic:  9/9        EV:  8    Int:  8    God:    Trog [***...]
Gold:   331        SH:  0    Dex:  4    Spells: 8/8 levels left

rFire    . . .     SeeInvis .   z - +0 war axe
rCold    . . .     Gourm    .   (no shield)
rNeg     + . .     Faith    .   u - +1 chain mail "Aggeub" {rElec Regen+ Slay-4} (curse)
rPois    ∞         Spirit   .   (no helmet)
rElec    +         Reflect  .   (no cloak)
rCorr    .         Harm     .   q - +1 pair of gloves
MR       .....                  (no boots)
Stlth    ..........             (no amulet)
HPRegen  0.58/turn              l - -5 ring of dexterity (curse)
MPRegen  0.11/turn              p - ring of poison resistance

@: berserk cooldown, slowed, very slow
A: negative energy resistance 1, electricity resistance, unbreathing,
petrification resistance, rot immunity, AC +6
a: Berserk, Trog's Hand, Renounce Religion


You were on level 7 of the Dungeon.
You worshipped Trog.
Trog was most pleased with you.
You were very hungry.

You visited 2 branches of the dungeon, and saw 8 of its levels.

You collected 369 gold pieces.
You spent 38 gold pieces at shops.

Inventory:

Hand Weapons
 z - a +0 war axe (weapon)
Armour
 q - a +1 pair of gloves (worn)
 u - the cursed +1 chain mail "Aggeub" (worn) {rElec Regen+ Slay-4}
   (You found it on level 5 of the Dungeon)

   It affects your accuracy and damage with ranged weapons and melee attacks
   (-4).
   It insulates you from electricity.
   It increases your rate of regeneration.
   It has a curse placed upon it.
Jewellery
 l - a cursed -5 ring of dexterity (left hand)
 m - an uncursed ring of wizardry
 p - a ring of poison resistance (right hand)
Scrolls
 e - 2 scrolls of enchant weapon {unknown}
 g - 3 scrolls of amnesia {unknown}
 i - 5 scrolls of teleportation {unknown}
 j - 6 scrolls of identify {unknown}
 n - a scroll of fear {unknown}
 o - 2 scrolls of noise {unknown}
 t - a scroll of fog {unknown}
 y - a scroll of remove curse {unknown}
Potions
 b - a potion of degeneration {unknown}
 d - 3 potions of curing {unknown}
 f - a potion of haste {unknown}
 h - a potion of brilliance {unknown}
 k - a potion of magic {unknown}
 r - a potion of resistance {unknown}
 s - a potion of agility {unknown}
 v - a potion of might {unknown}
 w - a potion of heal wounds {unknown}
Comestibles
 c - 12 rations


   Skills:
 + Level 6.4 Fighting
 + Level 8.2 Axes
 + Level 4.4 Armour
 + Level 3.8 Dodging
 + Level 2.4 Stealth


You had 8 spell levels left.
You didn't know any spells.
Your spell library was empty.

Dungeon Overview and Level Annotations

Branches:
Dungeon (7/15)             Temple (1/1) D:4

Altars:
Ashenzari
Makhleb
Sif Muna
Xom

Shops:
D:5 *   D:6 (

Annotations:
D:5 3 runed doors, DolittleGuy's ghost, novice MiFi
D:7 Prince Ribbit


Innate Abilities, Weirdness & Mutations

You are resistant to torment.
Your stone body is resilient. (AC +6)
You are immune to poison.
You resist negative energy. (rN+)
You are resistant to electric shocks. (rElec)
You can survive without breathing.
You are immune to petrification.
You are immune to rotting.


Message History

You are too injured to fight recklessly!
Prince Ribbit hits you.
The ice beast hits you but does no damage.
You see here a giant cockroach corpse.
You butcher the giant cockroach corpse.
Prince Ribbit hits you.
* * * LOW HITPOINT WARNING * * *
The ice beast hits you but does no damage.
You hear a distant blaring wail to the northeast.
Prince Ribbit hits you!
* * * LOW HITPOINT WARNING * * *
The crimson imp hits you but does no damage.
The ice beast hits you but does no damage.
You see here 2 chunks of flesh.
Prince Ribbit blinks!
The crimson imp closely misses you. The crimson imp hits you.
* * * LOW HITPOINT WARNING * * *
The ice beast hits you.
* * * LOW HITPOINT WARNING * * *
The ice beast freezes you!
You die...

............##
.............
............#
............#
............####
................
.?$.........# #
......FY....##...
......§5@........
.........<..##.#
............#
...............
.................
................<
............####.
######......#
#......+


You could see Prince Ribbit, an ice beast and a crimson imp.

Vanquished Creatures
  Grinder (D:6)
  Menkaure (D:4)
  A water moccasin (D:6)
  A black bear (D:7)
  2 ogres
  A sky beast (D:6)
  A centaur (D:6)
  A bullfrog (D:6)
  A gnoll sergeant (D:6)
  3 scorpions
  2 crimson imps
  A bullfrog zombie (D:5)
  A centaur zombie (D:6)
  5 hounds
  An orc priest (D:6)
  3 orc wizards (D:6)
  A bullfrog skeleton (D:6)
  An iguana (D:5)
  4 worker ants
  A hound zombie (D:6)
  4 gnolls (D:6)
  4 adders
  A shadow imp (D:5)
  An adder zombie (D:6)
  4 worms
  3 dart slugs
  2 leopard geckos
  21 orcs
  2 ball pythons
  7 giant cockroaches
  7 goblins
  6 hobgoblins
  3 jackals (D:3)
  3 quokkas
  6 bats
  4 frilled lizards
  7 kobolds
  A quokka skeleton (D:5)
  A quokka zombie (D:6)
  A rat (D:1)
121 creatures vanquished.

Notes
Turn   | Place    | Note
-------+----------+-------------------------------------------
     0 | D:1      | Fang the Gargoyle Berserker began the quest for the Orb.
     0 | D:1      | Reached XP level 1. HP: 14/14 MP: 1/1
   133 | D:1      | Reached XP level 2. HP: 6/19 MP: 2/2
   709 | D:1      | Reached skill level 3 in Axes
  1213 | D:2      | Reached XP level 3. HP: 17/24 MP: 3/3
  1528 | D:2      | Reached XP level 4. HP: 20/29 MP: 4/4
  1863 | D:2      | Found a faded altar of an unknown god.
  2301 | D:3      | Found a deep blue altar of Sif Muna.
  2315 | D:3      | Reached ** piety under Trog
  2469 | D:3      | Found a shimmering altar of Xom.
  2476 | D:3      | Reached skill level 4 in Axes
  2476 | D:3      | Reached skill level 1 in Stealth
  2476 | D:3      | Reached XP level 5. HP: 24/33 MP: 5/5
  2880 | D:3      | Found a burning altar of Makhleb.
  3316 | D:4      | Found a staircase to the Ecumenical Temple.
  3335 | Temple   | Entered the Ecumenical Temple
  3365 | D:4      | Reached XP level 6. HP: 28/39 MP: 6/6
  3480 | D:4      | Noticed Menkaure
  3487 | D:4      | Killed Menkaure
  3647 | D:4      | Reached skill level 5 in Fighting
  3647 | D:4      | Reached skill level 5 in Axes
  3647 | D:4      | Reached XP level 7. HP: 15/44 MP: 7/7
  3895 | D:5      | Entered Level 5 of the Dungeon
  4231 | D:5      | Found Fatoupt's Assorted Antiques.
  4291 | D:5      | Found a shattered altar of Ashenzari.
  4362 | D:5      | Found a runed gate.
  4364 | D:5      | Noticed DolittleGuy's ghost (novice MiFi)
  4365 | D:5      | Found a runed gate.
  4366 | D:5      | Found a runed gate.
  4453 | D:5      | HP: 1/44 [scorpion (4)]
  4829 | D:5      | Got a warped chain mail
  4840 | D:5      | Identified the cursed +1 chain mail "Aggeub" {rElec Regen+
                  | Slay-4} (You found it on level 5 of the Dungeon)
  5269 | D:6      | Reached skill level 6 in Axes
  5312 | D:6      | Reached XP level 8. HP: 39/50 MP: 8/8
  5869 | D:6      | Found Hetzueps's Weapon Boutique.
  5872 | D:6      | Bought a +0 war axe for 38 gold pieces
  6055 | D:6      | Reached *** piety under Trog
  6086 | D:6      | Reached skill level 7 in Axes
  6086 | D:6      | Noticed Grinder
  6096 | D:6      | Paralysed by Grinder for 5 turns
  6106 | D:6      | Paralysed by Grinder for 3 turns
  6123 | D:6      | Killed Grinder
  6385 | D:6      | Reached XP level 9. HP: 43/55 MP: 9/9
  6389 | D:6      | Reached skill level 8 in Axes
  6846 | D:7      | Noticed Prince Ribbit
  6878 | D:7      | Slain by an ice beast

Skill      XL: |  1  2  3  4  5  6  7  8  9 |
---------------+----------------------------+-----
Axes           | 3 4 5 6 7 8 |  8.2
Fighting       | 4 5 6 |  6.4
Dodging        | 2 3 |  3.8
Stealth        | 1 2 |  2.4
Armour         | 4 |  4.4

Action                   |  1- 3 |  4- 6 |  7- 9 || total
-------------------------+-------+-------+-------++-------
Melee: Hand axe          |   145 |   142 |   322 ||   609
       War axe           |       |       |   221 ||   221
Invok: Berserk           |     1 |     2 |     5 ||     8
 Stab: Sleeping          |     1 |     1 |       ||     2
  Eat: Chunk             |     3 |     7 |    10 ||    20
       Ration            |       |       |     2 ||     2
Armor: Animal skin       |    50 |    58 |    30 ||   138
       Chain mail        |       |       |   439 ||   439
Dodge: Dodged            |    98 |    76 |   290 ||   464
